 Dungeon Crawl Stone Soup version 0.29-a0-2-g12fcac58f8 (webtiles) character file.

Game seed: 1800401086091007058

86 HallandMoats the Ruffian (level 4, -3/40 HPs)
             Began as a Ghoul Monk on Jan 26, 2022.
             Slain by an adder (5 damage)
             ... on level 2 of the Dungeon.
             The game lasted 00:02:28 (2188 turns).

HallandMoats the Ruffian (Ghoul Monk)               Turns: 2188, Time: 00:02:29

Health: -3/40      AC:  2    Str: 14    XL:     4   Next: 49%
Magic:  3/3        EV: 12    Int:  7    God:
Gold:   57         SH:  0    Dex: 11    Spells: 3/3 levels left

rFire   . . .      SeeInvis .     - Unarmed
rCold   + . .      Faith    .   (no shield)
rNeg    + + +      Spirit   .   a - +0 robe
rPois   ∞          Reflect  .   (no helmet)
rElec   .          Harm     .   (no cloak)
rCorr   .          Rampage  .   (no gloves)
Will    .....                   (no boots)
Stlth   ++........              (no amulet)
HPRegen 0.00/turn               (no ring)
MPRegen 0.08/turn               (no ring)

@: inhibited regen
A: claws 1, cold resistance 1, negative energy resistance 3, inhibited
regeneration, torment resistance 2
a: no special abilities


You were on level 2 of the Dungeon.
You visited 1 branch of the dungeon, and saw 2 of its levels.

You collected 57 gold pieces.

Inventory:

Missiles
 f - a throwing net (quivered)
Armour
 a - a +0 robe (worn)
Jewellery
 b - an amulet of faith
Wands
 c - a wand of polymorph (6)
Scrolls
 e - a scroll of noise {unknown}
Potions
 d - a potion of mutation {unknown}
 g - a potion of cancellation {unknown}


   Skills:
 * Level 4.1 Fighting
 + Level 1.1 Armour
 + Level 3.0 Dodging
 - Level 2.1 Stealth
 * Level 4.2 Unarmed Combat
 + Level 1.2 Invocations


You had 3 spell levels left.
You didn't know any spells.
Your spell library was empty.

Dungeon Overview and Level Annotations

Branches:
Dungeon (2/15)

Altars:


Innate Abilities, Weirdness & Mutations

You thrive by killing the living.
You are immune to poison.
You have sharp fingernails.
Your flesh is cold resistant. (rC+)
You are immune to negative energy. (rN+++)
You do not regenerate when monsters are visible.
You are immune to unholy pain and torment.


Message History

The adder barely misses you.
The giant cockroach completely misses you.
The giant cockroach misses you.
The giant cockroach bites you but does no damage.
The adder bites you. The giant cockroach bites you.
The adder barely misses you.
The giant cockroach waves its antennae.
The adder bites you.
The giant cockroach bites you but does no damage.
The adder bites you. The adder bites you.
* * * LOW HITPOINT WARNING * * *
You see here a frilled lizard skeleton.
You scratch the adder.
The adder is lightly wounded.
The adder closely misses you.
You scratch the adder.
The adder is moderately wounded.
The adder bites you.
* * * LOW HITPOINT WARNING * * *
The adder bites you.
* * * LOW HITPOINT WARNING * * *
You closely miss the adder.
The adder is moderately wounded.
The adder completely misses you.
You closely miss the adder.
The adder is moderately wounded.
The adder closely misses you.
You closely miss the adder.
The adder is moderately wounded.
The adder bites you.
* * * LOW HITPOINT WARNING * * *
You barely miss the adder.
The adder is moderately wounded.
The adder bites you.
* * * LOW HITPOINT WARNING * * *
You closely miss the adder.
The adder is moderately wounded.
The adder bites you.
You die...

#.....♣_♣..'..g..>.#
#......♣...##......##
#..........##.......#
########...##l......#
######.#####.# #B# .#
#.# # ####l#####
#..#BSS@.# #..#####.#
#..#...#.# #......#.#
#..#.###.# #.##...#.#
#.####.#.# #........#
######.###


You could see 2 adders, a giant cockroach and a frilled lizard.

Vanquished Creatures
  A gnoll (D:2)
  2 adders (D:2)
  2 dart slugs
  10 bats
  4 endoplasms
  A giant cockroach (D:1)
  3 goblins
  3 hobgoblins (D:2)
  3 kobolds (D:1)
  6 quokkas (D:1)
  7 ball pythons
  4 frilled lizards
  9 rats
55 creatures vanquished.

Vanquished Creatures (others)
  A plant (D:1)
1 creature vanquished.

Grand Total: 56 creatures vanquished

Notes
Turn   | Place    | Note
-------+----------+-------------------------------------------
     0 | D:1      | HallandMoats the Ghoul Monk began the quest for the Orb.
     0 | D:1      | Reached XP level 1. HP: 19/19 MP: 0/0
   143 | D:1      | Reached XP level 2. HP: 17/26 MP: 1/1
   895 | D:1      | Reached XP level 3. HP: 33/33 MP: 2/2
  1544 | D:2      | Reached skill level 1 in Invocations
  1834 | D:2      | Found a faded altar of an unknown god.
  1917 | D:2      | Reached XP level 4. HP: 33/40 MP: 3/3
  2071 | D:2      | Reached skill level 1 in Armour
  2187 | D:2      | HP: 2/40 [adder (3)]
  2188 | D:2      | Slain by an adder

Illustrated notes

Levels and vault maps discovered:
D:1:      shiori_arrival_maze, layout_basic, serial_bayou_pond_b,
          minmay_heptomino_h4
D:2:      layout_basic, chequers_ecumenical_altar_simple, serial_shops,
          nicolae_shop_statue_plus, minmay_guardbox

Skill      XL: |  1  2  3  4 |
---------------+-------------+-----
Invocations    | 1 |  1.2
Fighting       | 4 |  4.1
Unarmed Combat | 4 |  4.2
Dodging        | 3 |  3.0
Armour         | 1 |  1.1
Stealth        | |  2.1

Action                   |  1- 3 |  4- 6 || total
-------------------------+-------+-------++-------
Melee: Unarmed           |   140 |    40 ||   180
       Punch             |     1 |       ||     1
 Stab: Sleeping          |     5 |       ||     5
Armor: Robe              |    21 |    15 ||    36
Dodge: Dodged            |    86 |    51 ||   137

Table legend: (Time is in decaauts)
 A = Elapsed time spent in this place.
 B = Non-inter-level travel time spent in this place.
 C = Inter-level travel time spent in this place.
 D = Time resting spent in this place.
 E = Time spent auto-exploring this place.
 F = Levels seen in this place.
 G = Mean time per level.
                   A        B        C        D        E       F      G
               +--------+--------+--------+--------+--------+-----+--------+
         Total |   2178 |   2077 |    101 |     93 |   1545 |   2 | 1089.0 |
       Dungeon |   2178 |   2077 |    101 |     93 |   1545 |   2 | 1089.0 |
               +--------+--------+--------+--------+--------+-----+--------+

Top non-repeatable levels by time:
     D:1: 1520 daAuts
     D:2: 658 daAuts
